 Dungeon Crawl Stone Soup version 0.30.1-3-gfc49f6343a (webtiles) character file.

Game seed: 12654174988137354329

8 monsoonserge the Chopper (level 2, 0/26 HPs)
             Began as a Meteoran Berserker on July 20, 2023.
             Was a Follower of Trog.
             Slain by an iguana (12 damage)
             ... on level 2 of the Dungeon.
             The game lasted 00:01:52 (299 turns).

monsoonserge the Chopper (Meteoran Berserker)        Turns: 299, Time: 00:01:53

Health: 0/26       AC:  8    Str: 18    XL:     2   Next: 29%
Magic:  3/3        EV:  8    Int:  8    God:    Trog [*.....]
Gold:   63         SH:  0    Dex: 13    Spells: 1/1 levels left

rFire   . . .        a - +0 hand axe
rCold   . . .        (no shield)
rNeg    . . .        e - +0 chain mail
rPois   .            (no helmet)
rElec   .            (no cloak)
rCorr   .            (no gloves)
SInv    .            (no boots)
Will    .....        (no amulet) Stlth
                     (no ring)
HPRegen 0.24/turn    (no ring)
MPRegen 0.08/turn

%: no passive effects
@: glowing
A: sense surroundings 1, otherworldly, glowing, explore regen
a: Renounce Religion, Berserk


You were on level 2 of the Dungeon.
You worshipped Trog.
Trog was aware of your devotion.
You visited 1 branch of the dungeon, and saw 2 of its levels.

You collected 63 gold pieces.

Inventory:

Hand Weapons
 a - a +0 hand axe (weapon)
Armour
 b - a +0 animal skin
 e - a +0 chain mail (worn)
Scrolls
 c - a scroll of summoning {unknown}
 g - a scroll of identify {unknown}
Potions
 d - a potion of ambrosia {unknown}
 f - a potion of brilliance {unknown}


   Skills:
 + Level 3.5 Fighting
 + Level 3.9 Axes
 + Level 2.5 Armour
 + Level 2.5 Dodging


You had one spell level left.
You didn't know any spells.
Your spell library contained the following spells:

 Spells                   Type           Power      Damage    Failure   Level
 Poisonous Vapours        Pois/Air       0%         N/A       99%         2
 Mephitic Cloud           Conj/Pois/Air  0%         N/A       100%        3
 Freezing Cloud           Conj/Ice/Air   0%         6-21      100%        5


Dungeon Overview and Level Annotations

Branches:
Dungeon (2/15) Zot: 897

Altars:


Innate Abilities, Weirdness & Mutations

You passively map a small area around you.
You are easily found by Zot.
You glow in the dark.
You regain HP and MP as you explore.


Message History

You hit the endoplasm.
The endoplasm is lightly wounded.
The endoplasm freezes you.
You are frozen.
You hit the endoplasm.
You kill the endoplasm!
Trog accepts your kill.
Found 14 gold pieces.
You now have 52 gold pieces (gained 14).
There are no items here.
Found 2 stones.
Found a stone staircase leading down.
A bat comes into view.
The bat hits you but does no damage.
You hit the bat.
You kill the bat!
Trog accepts your kill.
There is a stone staircase leading down here.
You climb downwards.
Found a scroll labelled CEHALUIMOY and 11 gold pieces.
Found a stone staircase leading down.
There is a stone staircase leading up here.
You see here a scroll labelled CEHALUIMOY.
g - a scroll labelled CEHALUIMOY
Found 12 gold pieces.
You see here 11 gold pieces.
You now have 63 gold pieces (gained 11).
You hit the iguana.
The iguana is lightly wounded.
The iguana bites you!
You completely miss the iguana.
The iguana is lightly wounded.
The iguana bites you!
You hit the iguana but do no damage.
The iguana is lightly wounded.
The iguana bites you but does no damage.
You hit the iguana but do no damage.
The iguana is lightly wounded.
The iguana bites you!
You die...

* .##.# * *
...# * * #* *
#..# .#
####..#####*#.#
,
,#.........#..$
,,, ,##..#*
.#.# , *
#<..###...*
#.#...#.#* ***
#.#.#l@># *,
,..#.##### *
.###.# * ,
..,,..# ## ###
* , * * , *


You could see an iguana.

Vanquished Creatures
  3 bats (D:1)
  An endoplasm (D:1)
  A goblin (D:1)
  A frilled lizard (D:1)
  A kobold (D:1)
7 creatures vanquished.

Notes
Turn   | Place    | Note
-------+----------+-------------------------------------------
     0 | D:1      | monsoonserge the Meteoran Berserker began the quest for the
                  | Orb.
     0 | D:1      | Reached XP level 1. HP: 19/19 MP: 2/2
   139 | D:1      | Reached XP level 2. HP: 23/26 MP: 3/3
   299 | D:2      | Slain by an iguana

Illustrated notes

Levels and vault maps discovered:
D:1:      sevenhm_arrival_forest_fort_small_3, layout_loops_ring,
          chequers_ecumenical_altar_simple_redux
D:2:      layout_basic

Action                     || total
---------------------------++-------
  Melee: Hand axe          ||    23
 Armour: Chain mail        ||    11
         Animal skin       ||     1
  Dodge: Dodged            ||     7
